 Dungeon Crawl Stone Soup version 0.27-a0-1065-ge809cff456 (webtiles) character file.

Game seed: 17931916393399877220

200 robertstho the Stinger (level 5, -4/43 HPs)
             Began as a Naga Venom Mage on Apr 23, 2021.
             Slain by a wyvern skeleton (11 damage)
             ... on level 3 of the Dungeon.
             The game lasted 00:09:03 (3974 turns).

robertstho the Stinger (Naga Venom Mage)            Turns: 3974, Time: 00:09:04

Health: -4/43      AC:  2    Str:  8 (10) XL:     5   Next: 78%
Magic:  0/9        EV: 10    Int: 16 (17) God:
Gold:   114        SH:  0    Dex: 10 (11) Spells: 0/9 levels left

rFire    . . .     SeeInvis +   c - +0 morningstar
rCold    . . .     Faith    .   (no shield)
rNeg     . . .     Spirit   .   a - +0 robe
rPois    +         Reflect  .   (no helmet)
rElec    .         Harm     .   (no cloak)
rCorr    .         Rampage  .   (no gloves)
Will     .....                  (no barding)
Stlth    ++........             (no amulet)
HPRegen  0.14/turn              (no ring)
MPRegen  0.11/turn              (no ring)

@: very slow
A: AC +1, large, see invisible, deformed body, poison resistance, slowness 2,
spit poison 1, naga tail 1
a: Spit Poison


You were on level 3 of the Dungeon.
You visited 1 branch of the dungeon, and saw 3 of its levels.

You collected 114 gold pieces.

Inventory:

Hand Weapons
 c - a +0 morningstar (weapon)
 e - a +0 halberd
 h - a +0 dagger of venom
Armour
 a - a +0 robe (worn)
Scrolls
 d - a scroll of vulnerability {unknown}
 g - a scroll of enchant armour {unknown}
 k - a scroll of immolation {unknown}
Potions
 j - a potion of haste {unknown}


   Skills:
 * Level 0.9 Fighting
 + Level 1.1 Short Blades
 + Level 0.2 Maces & Flails
 + Level 2.0 Dodging
 * Level 3.3 Stealth
 * Level 2.7 Spellcasting
 * Level 2.5 Transmutations
 + Level 1.0 Air Magic
 * Level 5.7 Poison Magic


You couldn't memorise any spells.
You knew the following spells:

 Your Spells              Type           Power      Damage    Failure   Level
a - Sting                 Tmut/Pois      60%        1d6       3%          1
b - Poisonous Vapours     Pois/Air       24%        N/A       8%          2
c - Ignite Poison         Fire/Tmut/Pois 11%        N/A       19%         3
d - Mephitic Cloud        Conj/Pois/Air  9%         N/A       22%         3

Your spell library contained the following spells:

 Spells                   Type           Power      Damage    Failure   Level
 Corona                   Hex            2%         N/A       19%         1
 Summon Small Mammal      Summ           8%         N/A       19%         1
 Olgreb's Toxic Radiance  Pois           20%        N/A       19%         4
 Call Imp                 Summ           2%         N/A       28%         2
 Ensorcelled Hibernation  Hex/Ice        4%         N/A       28%         2
 Call Canine Familiar     Summ           2%         N/A       50%         3
 Confusing Touch          Hex            2%         N/A       50%         3
 Dazzling Flash           Conj/Hex       4%         N/A       50%         3
 Summon Guardian Golem    Hex/Summ       2%         N/A       50%         3
 Tukima's Dance           Hex            2%         N/A       50%         3
 Summon Lightning Spire   Summ/Air       3%         N/A       83%         4
 Summon Ice Beast         Ice/Summ       2%         N/A       88%         4


Dungeon Overview and Level Annotations

Branches:
Dungeon (3/15)

Altars:

Shops:
D:3 [

Annotations:
D:3 1 runed translucent door


Innate Abilities, Weirdness & Mutations

Your serpentine skin is tough. (AC +1)
You have supernaturally acute eyesight. (SInv)
Armour fits poorly on your strangely shaped body.
Your system is resistant to poisons. (rPois)
You cover ground very slowly.
You can spit poison.
You have a snake-like lower body.


Message History

The gnoll hits you from afar with a +0 halberd!
Press: ? - help, Shift-Dir - straight line, f/p - gnoll
Aim: a gnoll, wielding a +0 halberd (almost dead, poisoned)
The splash of poison hits the gnoll!
The gnoll looks even sicker.
You kill the gnoll!
Your Air Magic skill increases to level 1!
You start resting.
You have got your breath back.
You start resting.
A wyvern skeleton comes into view.
A wyvern skeleton is nearby!
Casting: Poisonous Vapours (safe; 8% risk of failure)
Confirm with . or Enter, or press ? or * to list all spells.
The spell is quite dangerous to cast (22% risk of failure)!
Continue anyway?
Aiming: Mephitic Cloud (quite dangerous; 22% risk of failure)
Press: ? - help, Shift-Dir - straight line, f - you The ball explodes into a vile cloud!
The stinking cloud engulfs you but does no damage.
The wyvern skeleton bites you!
Things that are here:
a +0 whip; a gnoll corpse
Casting: Mephitic Cloud (quite dangerous; 22% risk of failure)
Confirm with . or Enter, or press ? or * to list all spells.
The spell is quite dangerous to cast (22% risk of failure)!
Continue anyway?
Aiming: Mephitic Cloud (quite dangerous; 22% risk of failure)
Press: ? - help, Shift-Dir - straight line, f - you The ball explodes into a vile cloud!
The stinking cloud engulfs you but does no damage.
The stinking cloud engulfs the wyvern skeleton but does no damage.
The wyvern skeleton bites you!
* * * LOW HITPOINT WARNING * * *
The wyvern skeleton bites you.
* * * LOW HITPOINT WARNING * * *
Casting: Mephitic Cloud (quite dangerous; 22% risk of failure)
Confirm with . or Enter, or press ? or * to list all spells.
Okay, then.
As you read the scroll labelled NACKUF ZUKOENI, it crumbles to dust.
You assume a fearsome visage.
The wyvern skeleton is unaffected.
It was a scroll of fear.
The wyvern skeleton bites you!
You die...

##...................#..
#........§§...........>. .
#.........§§.........###
####
###........§§.§§§#.#...#
#...
#...........§§...#.##..#
+≈≈≈
#...........§§...#.##....
#..
#......##.#........##..##. #
#####......##.###########..#
# #......>...##@# .#
#.#..########Z# ########..#
##.##.# #°####..........
#...#..# #..)............
##.8.+..# #####..##..##...
#....#..# #..# ..#
##†..##.## #..# ..#
#.†..##.# #... ..# ....##
#..###..


You could see a wyvern skeleton.

Vanquished Creatures
  A scorpion zombie (D:3)
  An orc wizard (D:2)
  3 gnolls (D:3)
  3 adders (D:2)
  An adder skeleton (D:3)
  2 dart slugs
  12 orcs
  5 bats
  10 endoplasms
  2 giant cockroaches
  4 goblins
  4 hobgoblins
  2 jackals (D:2)
  7 kobolds
  2 quokkas
  6 ball pythons
  A frilled lizard (D:3)
  A quokka skeleton (D:3)
  8 rats
75 creatures vanquished.

Vanquished Creatures (others)
  3 withered plants (D:3)
3 creatures vanquished.

Grand Total: 78 creatures vanquished

Notes
Turn   | Place    | Note
-------+----------+-------------------------------------------
     0 | D:1      | robertstho the Naga Venom Mage began the quest for the Orb.
     0 | D:1      | Reached XP level 1. HP: 15/15 MP: 3/3
    99 | D:1      | Reached XP level 2. HP: 22/22 MP: 5/5
  1147 | D:1      | Reached XP level 3. HP: 13/28 MP: 1/6
  1314 | D:1      | Learned a level 2 spell: Poisonous Vapours
  1318 | D:1      | Learned a level 3 spell: Ignite Poison
  1788 | D:2      | Reached skill level 5 in Poison Magic
  1788 | D:2      | Reached XP level 4. HP: 11/37 MP: 2/7
  3123 | D:3      | Reached skill level 1 in Short Blades
  3123 | D:3      | Reached XP level 5. HP: 11/43 MP: 7/9
  3146 | D:3      | Learned a level 3 spell: Mephitic Cloud
  3598 | D:3      | Found Loathietyrph's Armour Shop.
  3610 | D:3      | Found a runed translucent door.
  3950 | D:3      | Reached skill level 1 in Air Magic
  3974 | D:3      | Slain by a wyvern skeleton

Illustrated notes

Levels and vault maps discovered:
D:1:      dpeg_arrival_ternary, layout_basic
D:2:      layout_loops_corners
D:3:      layout_basic, lemuel_coloured_pillars_altar,
          gammafunk_temple_overflow_pools, serial_shops,
          nicolae_shop_statue_plus, ebering_ghost_reflecting_pool,
          serial_undead, serial_undead_a, serial_undead_f, serial_undead_e,
          serial_undead_b, grunt_ministairs_13, uniq_terence

Skill      XL: |  1  2  3  4  5 |
---------------+----------------+-----
Transmutations | 2 |  2.5
Poison Magic   | 5 |  5.7
Short Blades   | 1 |  1.1
Dodging        | 2 |  2.0
Air Magic      | 1 |  1.0
Fighting       | |  0.9
Maces & Flails | |  0.2
Stealth        | |  3.3
Spellcasting   | |  2.7

Action                   |  1- 3 |  4- 6 || total
-------------------------+-------+-------++-------
Melee: Dagger            |    15 |    97 ||   112
       Unarmed           |     1 |       ||     1
       Morningstar       |       |     6 ||     6
 Cast: Sting             |    28 |     7 ||    35
       Poisonous Vapours |     7 |    13 ||    20
       Mephitic Cloud    |       |     4 ||     4
       Ignite Poison     |       |     1 ||     1
 Abil: Spit Poison       |    19 |    23 ||    42
  Use: Potion            |       |     6 ||     6
       Scroll            |       |     1 ||     1
 Stab: Sleeping          |       |     6 ||     6
Armor: Robe              |     8 |    24 ||    32
Dodge: Dodged            |    14 |    59 ||    73

Table legend: (Time is in decaauts)
 A = Elapsed time spent in this place.
 B = Non-inter-level travel time spent in this place.
 C = Inter-level travel time spent in this place.
 D = Time resting spent in this place.
 E = Time spent auto-exploring this place.
 F = Levels seen in this place.
 G = Mean time per level.
                   A        B        C        D        E       F      G
               +--------+--------+--------+--------+--------+-----+--------+
         Total |   4651 |   4522 |    129 |    710 |   3222 |   3 | 1550.3 |
       Dungeon |   4651 |   4522 |    129 |    710 |   3222 |   3 | 1550.3 |
               +--------+--------+--------+--------+--------+-----+--------+

Top non-repeatable levels by time:
     D:2: 1872 daAuts
     D:1: 1773 daAuts
     D:3: 1005 daAuts
